 Dungeon Crawl Stone Soup version 0.26.1-11-gd32895ea62 (webtiles) character file.

Game seed: 5605303251357624950

4414 vvl the Ruffian (level 10, -7/82 HPs)
             Began as a Grey Draconian Transmuter on July 7, 2021.
             Was a Priest of Kikubaaqudgha.
             Mangled by a warg (16 damage)
             ... on level 8 of the Dungeon.
             The game lasted 00:37:34 (12612 turns).

vvl the Ruffian (Grey Draconian Transmuter)        Turns: 12612, Time: 00:37:35

Health: -7/82      AC: 15    Str: 15    XL:     10   Next: 14%
Magic:  13/13      EV: 14    Int: 13    God:    Kikubaaqudgha [***...]
Gold:   207        SH:  0    Dex: 13    Spells: 0/13 levels left

rFire    . . .     SeeInvis .     - Unarmed
rCold    . . .     Faith    .   (no shield)
rNeg     . . .     Spirit   .   (armour unavailable)
rPois    .         Reflect  .   (helmet restricted)
rElec    .         Harm     .   k - +0 cloak
rCorr    .         Rampage  .   p - +0 pair of gloves
Will     +....                  c - +0 pair of boots
Stlth    +.........             (no amulet)
HPRegen  0.23/turn              C - ring of willpower
MPRegen  0.13/turn              (no ring)

@: about to teleport
A: walk through water, unfitting armour, unbreathing, cold-blooded, AC +12
a: Renounce Religion, Receive Corpses


You were on level 8 of the Dungeon.
You worshipped Kikubaaqudgha.
Kikubaaqudgha was most pleased with you.
You visited 1 branch of the dungeon, and saw 8 of its levels.
You also visited: Sewer.

You collected 466 gold pieces.
You spent 259 gold pieces at shops.

Inventory:

Hand Weapons
 u - a +0 dagger of pain
 B - a +0 short sword of electrocution
Armour
 b - a +0 tower shield
 c - a +0 pair of boots (worn)
 k - a +0 cloak (worn)
 p - a +0 pair of gloves (worn)
Magical Staves
 x - an uncursed staff of air
Jewellery
 C - a ring of willpower (left hand)
Wands
 l - a wand of flame (49)
Scrolls
 a - a scroll of teleportation
 f - 11 scrolls of remove curse
 i - a scroll of identify
 j - a scroll of fog {unknown}
 m - a scroll of amnesia {unknown}
 q - 3 scrolls of enchant armour
 t - 3 scrolls of fear {unknown}
 y - a scroll of summoning {unknown}
 D - a scroll of immolation
 E - 2 scrolls of enchant weapon
 F - a scroll of vulnerability
Potions
 d - 4 potions of curing
 e - 3 potions of ambrosia {unknown}
 g - 3 potions of mutation
 h - 2 potions of brilliance
 o - 4 potions of haste
 r - 2 potions of might {unknown}
 s - a potion of flight {unknown}
 v - a potion of magic {unknown}
 z - 3 potions of degeneration {unknown}
 A - 3 potions of lignification {unknown}


   Skills:
 + Level 5.6 Fighting
 + Level 5.0 Dodging
 - Level 6.4 Shields
 * Level 7.5 Unarmed Combat
 - Level 2.0 Spellcasting
 + Level 5.0 Necromancy
 + Level 6.2 Transmutations
 - Level 4.2 Earth Magic


You couldn't memorise any spells.
You knew the following spells:

 Your Spells              Type           Power        Failure   Level
a - Beastly Appendage     Tmut           34%          1%          1
b - Blade Hands           Tmut           8%           47%         5
c - Animate Skeleton      Necr           28%          3%          1
d - Death Channel         Necr           7%           99%         6

Your spell library contained the following spells:

 Spells                   Type           Power        Failure   Level
 Pain                     Necr           56%          3%          1
 Wereblood                Tmut           17%          3%          2
 Sublimation of Blood     Necr           7%           4%          2
 Vampiric Draining        Necr           7%           10%         3
 Corpse Rot               Necr/Air       N/A          14%         2
 Spider Form              Tmut/Pois      4%           22%         3
 Apportation              Tloc           2%           26%         1
 Corona                   Hex            1%           26%         1
 Summon Small Mammal      Summ           4%           26%         1
 Petrify                  Tmut/Erth      14%          28%         4
 Animate Dead             Necr           7%           32%         4
 Dispel Undead            Necr           14%          32%         4
 Call Imp                 Summ           1%           36%         2
 Ice Form                 Ice/Tmut       9%           56%         4
 Call Canine Familiar     Summ           1%           58%         3
 Confusing Touch          Hex            1%           58%         3
 Gell's Gravitas          Tloc           0%           58%         3
 Summon Guardian Golem    Hex/Summ       1%           58%         3
 Agony                    Necr           14%          65%         5
 Excruciating Wounds      Necr           7%           65%         5
 Yara's Violent Unravell  Hex/Tmut       4%           89%         5
 Summon Ice Beast         Ice/Summ       1%           94%         4
 Summon Lightning Spire   Summ/Air       1%           94%         4
 Bolt of Magma            Conj/Fire/Erth 2%           99%         5
 Iskenderun's Battlesphe  Conj           1%           100%        5
 Metabolic Englaciation   Hex/Ice        0%           100%        5
 Iron Shot                Conj/Erth      3%           100%        6
 Orb of Destruction       Conj           0%           100%        7
 Spellforged Servitor     Conj/Summ      0%           100%        7


Dungeon Overview and Level Annotations

Branches:
Dungeon (8/15)             Temple (0/1) D:6           Sewer (visited)
   Lair: D:8-11

Altars:
Ashenzari
Dithmenos
Kikubaaqudgha
Makhleb
Okawaru
Sif Muna

Shops:
D:7 (   D:8 *


Innate Abilities, Weirdness & Mutations

You can walk through water.
Your dull iron-grey scales are very hard. (AC +12)
You cannot fit into any form of body armour.
You can survive without breathing.
You are cold-blooded and may be slowed by cold attacks.


Message History

* * * LOW HITPOINT WARNING * * *
You feel better. The warg closely misses you.
The orc warrior hits you but does no damage.
You hit the orc warrior but do no damage.
Your kick misses the orc warrior. Your headbutt misses the orc warrior.
The orc warrior is almost dead.
The warg bites you but does no damage.
The orc warrior hits you but does no damage.
The warg bites you!
* * * LOW HITPOINT WARNING * * *
You completely miss the orc warrior. Your kick misses the orc warrior.
You headbutt the orc warrior.
Your tail-slap misses the orc warrior.
The orc warrior is almost dead.
Your horns disappear.
Your talons disappear.
Your +0 pair of boots unmelds from your body.
The orc warrior hits you with a +0 short sword.
* * * LOW HITPOINT WARNING * * *
The warg bites you!
You die...
Kikubaaqudgha rasps: "You have failed me!
Welcome... death!"

............................)..
...........................)...
....###8..8###.......##....####
.## #.....# #.............#
###..## #o.......#..### _....
#oo....#.#..# ###..##
#o######.#..# .... #o# #.#..#
#..# #@# #....###### .... #h#
##...G..)[# #.# #...####)# #.#
##..# #h# #.# #..####K# #####.#
#..##..<.
#...#'########..##....
##...........##>.+....
#..)........#####....


You could see a warg, 3 orc warriors and 2 orcs.

Vanquished Creatures
  Sigmund (D:2)
  Menkaure (D:6)
  6 wargs
  Duvessa (D:7)
  2 orc warriors
  3 ogres
  2 phantoms (D:4)
  2 centaurs
  5 big kobolds
  4 bullfrogs
  3 gnoll sergeants (D:7)
  Dowan (D:7)
  4 scorpions
  4 howler monkeys
  A bullfrog zombie (D:8)
  A gnoll shaman (D:7)
  7 orc priests
  A centaur skeleton (D:4)
  8 hounds
  6 orc wizards
  An iguana (D:4)
  6 worker ants
  A hound zombie (D:5)
  Robin (D:2)
  A howler monkey zombie (D:6)
  A worker ant zombie (D:5)
  8 gnolls (D:7)
  11 adders
  2 river rats (Sewer)
  A white imp (D:7)
  2 ufetubi
  5 oozes
  An adder skeleton (D:4)
  3 worms
  2 dart slugs
  5 leopard geckos
  50 orcs
  5 bats
  4 giant cockroaches
  15 goblins
  7 hobgoblins
  3 jackals
  31 kobolds
  3 quokkas
  A ball python (Sewer)
  5 frilled lizards
  9 rats
247 creatures vanquished.

Vanquished Creatures (others)
  A bush (D:5)
  10 plants (D:8)
11 creatures vanquished.

Grand Total: 258 creatures vanquished

Notes
Turn   | Place    | Note
-------+----------+-------------------------------------------
     0 | D:1      | vvl the Draconian Transmuter began the quest for the Orb.
     0 | D:1      | Reached XP level 1. HP: 16/16 MP: 3/3
   211 | D:1      | Reached XP level 2. HP: 23/23 MP: 3/5
   938 | D:1      | Reached skill level 1 in Shields
  1263 | D:2      | Reached XP level 3. HP: 22/28 MP: 6/6
  1609 | D:2      | Noticed Robin
  1639 | D:2      | Killed Robin
  1640 | D:2      | Reached XP level 4. HP: 29/35 MP: 7/7
  1956 | D:2      | Noticed Sigmund
  1965 | D:2      | Killed Sigmund
  1966 | D:2      | Reached skill level 4 in Unarmed Combat
  1966 | D:2      | Reached XP level 5. HP: 16/40 MP: 6/8
  2313 | D:3      | Reached XP level 6. HP: 25/47 MP: 9/9
  2566 | D:3      | Found a shimmering blue altar of Sif Muna.
  2583 | D:3      | Found a shadowy altar of Dithmenos.
  2593 | D:3      | Found an ancient bone altar of Kikubaaqudgha.
  2621 | D:3      | Became a worshipper of Kikubaaqudgha
  2627 | D:3      | You fall into a shaft and drop 3 floors!
  2648 | D:6      | Found a glowing drain.
  2657 | Sewer    | Entered a sewer
  4036 | D:6      | Found a staircase to the Ecumenical Temple.
  4046 | D:6      | Reached skill level 1 in Necromancy
  4110 | D:6      | Your scales start taking on a dull iron-grey colour.
  4110 | D:6      | Reached XP level 7. HP: 49/55 MP: 8/10
  4110 | D:6      | Gained mutation: You can survive without breathing. [Grey
                  | Draconian growth]
  4193 | D:6      | Noticed Menkaure
  4200 | D:6      | Killed Menkaure
  4200 | D:6      | Reached * piety under Kikubaaqudgha
  4200 | D:6      | Identified Kikubaaqudgha's Compendium of Dark Arts
                  | (Kikubaaqudgha gifted it to you on level 6 of the Dungeon)
  4200 | D:6      | Received a gift from Kikubaaqudgha
  4357 | D:6      | Reached skill level 5 in Unarmed Combat
  4669 | D:5      | Entered Level 5 of the Dungeon
  4725 | D:5      | Reached skill level 1 in Earth Magic
  4809 | D:5      | Reached XP level 8. HP: 32/63 MP: 9/11
  5606 | D:4      | Reached skill level 5 in Shields
  5905 | D:4      | Reached skill level 5 in Transmutations
  6300 | D:4      | Reached ** piety under Kikubaaqudgha
  7819 | D:7      | Reached skill level 6 in Unarmed Combat
  7819 | D:7      | Reached XP level 9. HP: 64/71 MP: 12/12
  7990 | D:7      | Noticed Dowan
  7991 | D:7      | Noticed Duvessa
  8012 | D:7      | Killed Duvessa
  8031 | D:7      | Killed Dowan
  8215 | D:7      | Found Akycveag's Antique Weapon Boutique.
  9198 | D:6      | Learned a level 5 spell: Blade Hands
  9949 | D:8      | Reached *** piety under Kikubaaqudgha
  9949 | D:8      | Identified Kikubaaqudgha's Guide on Unholy Rituals
                  | (Kikubaaqudgha gifted it to you on level 8 of the Dungeon)
  9949 | D:8      | Received a gift from Kikubaaqudgha
 10044 | D:7      | Reached skill level 5 in Fighting
 10736 | D:8      | Noticed an orc warlord
 10737 | D:8      | Found an ancient bone altar of Kikubaaqudgha.
 11369 | D:8      | Learned a level 1 spell: Animate Skeleton
 11379 | D:8      | Reached skill level 7 in Unarmed Combat
 11466 | D:8      | Found a broken altar of Ashenzari.
 11497 | D:8      | Found Kukowug's General Store.
 11751 | D:8      | Reached XP level 10. HP: 56/81 MP: 13/13
 12025 | D:8      | Bought a potion of curing for 42 gold pieces
 12025 | D:8      | Bought a potion of mutation for 112 gold pieces
 12025 | D:8      | Bought a scroll of enchant weapon for 105 gold pieces
 12082 | D:8      | Found a burning altar of Makhleb.
 12499 | D:8      | Learned a level 6 spell: Death Channel
 12560 | D:8      | Reached skill level 5 in Dodging
 12580 | D:8      | Found an iron altar of Okawaru.
 12607 | D:8      | Reached skill level 5 in Necromancy
 12612 | D:8      | Mangled by a warg

Illustrated notes

Levels and vault maps discovered:
D:1:      saegor_arrival_simple_c, layout_basic
D:2:      layout_rooms, patterned_corridor, uniq_robin, uniq_sigmund
D:3:      layout_basic, grunt_dithmenos_smoke, nicolae_overflow_crystal_walls,
          lemuel_crystal_altar, serial_corexii_hall, corexii_hall_statues_x,
          corexii_hall_statues_l, corexii_hall_statues_x
D:4:      layout_layer_cave, lemuel_flame_loot_1
D:5:      layout_rooms, minmay_misc_feat_room, kb_lookout_dungeons_type
D:6:      layout_loops_ring, minmay_temple_entry_proselytizer,
          cheibrodos_sewer_entry_drain, nicolae_ossuary_entry_ruins,
          uniq_menkaure
D:7:      layout_cave_pools, serial_shops, nicolae_shop_crystal,
          serial_gnoll_camp, gnoll_camp_mini_house, gnoll_camp_mini_basic,
          gnoll_camp_mini_loothouse, gnoll_camp_mini_house, gnoll_camp_mini_hut,
          chequers_serial_rivers_micro_a, uniq_duvessa
D:8:      lemuel_castle_with_subvaults [lemuel_castle_interior_carwin_3],
          layout_basic, xom_teletrap_fun, minitemple, kennysheep_mini_moat,
          serial_shops, shop, basic_altar, evilmike_ruin_ashenzari

Skill      XL: |  1  2  3  4  5  6  7  8  9 10 |
---------------+-------------------------------+-----
Shields        | 1 2 3 4 5 6 |  6.4
Transmutations | 3 4 5 6 |  6.2
Unarmed Combat | 4 5 6 7 |  7.5
Dodging        | 2 3 4 5 |  5.0
Necromancy     | 1 2 3 4 5 |  5.0
Fighting       | 2 3 4 5 |  5.6
Earth Magic    | 1 3 4 |  4.2
Spellcasting   | |  2.0

Action                   |  1- 3 |  4- 6 |  7- 9 | 10-12 || total
-------------------------+-------+-------+-------+-------++-------
Melee: Unarmed           |   102 |   200 |   533 |    75 ||   910
       Headbutt          |    14 |    23 |    84 |     9 ||   130
       Kick              |    16 |    31 |   125 |    14 ||   186
       Tailslap          |     2 |    17 |    76 |     6 ||   101
       Punch             |     1 |     3 |    17 |     1 ||    22
       Short sword       |       |       |    64 |       ||    64
 Cast: Beastly Appendage |    21 |    26 |    55 |     6 ||   108
       Blade Hands       |       |       |     1 |       ||     1
Evoke: Wand              |       |     5 |    13 |       ||    18
  Use: Potion            |       |     2 |     3 |     2 ||     7
       Scroll            |       |       |    15 |     3 ||    18
Armor: Skin              |    40 |    66 |   238 |    31 ||   375
Dodge: Dodged            |    65 |    93 |   409 |    57 ||   624
